 Dungeon Sprint DCSS version 0.30-a0-141-g30f27751c5 (webtiles) character file.

Game seed: 16609014921195689330

496891 mhtbhm the Petrodigitator (level 21, -11/146 HPs)
             Began as a Gargoyle Earth Elementalist on Sept 24, 2022.
             Was the Champion of Vehumet.
             Killed from afar by Lom Lobon (56 damage)
             ... with a great icy blast
             ... in the Dungeon (Sprint IX: "|||||||||||||||||||||||||||||") on Sept 25, 2022.
             The game lasted 00:59:57 (15145 turns).

mhtbhm the Petrodigitator (GrEE)                   Turns: 15145, Time: 00:59:58

Health: -11/146    AC: 41    Str: 19    XL:     21   Next: 87%
Magic:  3/46       EV: 22    Int: 48    God:    Vehumet [******]
Gold:   200        SH: 37    Dex: 12    Spells: 16/74 levels left

rFire   + + .      SeeInvis .    m - +2 scimitar "Ciahekh" {holy, rElec Int+4 Stlth+}
rCold   + + .      Faith    .    u - +8 tower shield of the Black Moon {Fly rPois rC+++ Str-4}
rNeg    + . .      Spirit   .    E - quicksilver dragon scales of Yredelemnul's Fury {Will+ Dex+2}
rPois   ∞          Reflect  +    (helmet restricted)
rElec   +          Harm     .    d - +0 cloak of Noon {Int+5}
rCorr   .          Rampage  .    s - +0 pair of gloves
Will    ++...      NoTele   +    q - +0 pair of boots
Stlth   ++........               S - amulet "Ipsopt" {Reflect rElec Regen+ Str+6 SH+5}
HPRegen 1.14/turn                R - ring "Taanir" {rF++ Int+6}
MPRegen 0.30/turn                O - ring "Igythin" {Drain AC+3 Str+3 Int+8 Stlth+}

@: frozen, flying, hasted, very quick
A: sickness immunity, AC +16, big wings, negative energy resistance 1,
electricity resistance, torment resistance 1, petrification resistance, antennae
1, hooves 1, deformed body, frail 1, low MP 1, cold vulnerability 1, subdued
magic 1
0: Orb of Zot
}: 9/17 runes: decaying, serpentine, barnacled, slimy, elven, silver, golden,
abyssal, gossamer
a: Renounce Religion


You were in the Dungeon.
You worshipped Vehumet.
Vehumet was exalted by your worship.
You visited 1 branch You collected 1959 gold pieces.
You spent 1759 gold pieces at shops.

Inventory:

Hand Weapons
 m - the +2 scimitar "Ciahekh" (weapon) {holy, rElec Int+4 Stlth+}
   (You found it in the Dungeon)

   It has been blessed by the Shining One to cause great damage to the undead
   and demons.
   Int:       It affects your intelligence (+4).
   rElec:     It insulates you from electricity.
   Stlth:     It makes you more stealthy.
 T - the +7 great mace "Firestarter" {inner flame, rF++}
   (You found it in the Dungeon)

   It burns those it strikes, dealing additional fire damage.
   It fills those it strikes with an explosive inner flame.
   It grants immunity to clouds of flame.
   rF:        It greatly protects you from fire.
Missiles
 w - 4 throwing nets (quivered)
 L - 16 stones
Armour
 a - a +2 robe of the Archmagi
 d - the +0 cloak of Noon (worn) {Int+5}
   (You found it in the Dungeon)

   Int:       It affects your intelligence (+5).
 q - a +0 pair of boots (worn)
 s - a +0 pair of gloves (worn)
 u - the +8 tower shield of the Black Moon (worn) {Fly rPois rC+++ Str-4}
   (You bought it in a shop in the Dungeon)

   Str:       It affects your strength (-4).
   rC:        It renders you almost immune to cold.
   rPois:     It protects you from poison.
   Fly:       It grants you flight.
 E - the quicksilver dragon scales of Yredelemnul's Fury (worn) {Will+ Dex+2}
   (You acquired it in the Dungeon)

   Dex:       It affects your dexterity (+2).
   Will:      It increases your willpower.
Magical Staves
 v - a staff of conjuration
 K - a staff of earth
Jewellery
 D - a +6 ring of intelligence
 F - a ring of wizardry
 O - the ring "Igythin" (right hand) {Drain AC+3 Str+3 Int+8 Stlth+}
   (You found it in the Dungeon)

   [ring of protection]

   AC:        It affects your AC (+3).
   Str:       It affects your strength (+3).
   Int:       It affects your intelligence (+8).
   Drain:     It drains your maximum health when unequipped.
   Stlth:     It makes you more stealthy.
 Q - the ring "Zaim" {rElec rPois rCorr Dex+6}
   (You found it in the Dungeon)

   [ring of dexterity]

   Dex:       It affects your dexterity (+6).
   rElec:     It insulates you from electricity.
   rPois:     It protects you from poison.
   rCorr:     It protects you from acid and corrosion.
 R - the ring "Taanir" (left hand) {rF++ Int+6}
   (You found it in the Dungeon)

   [ring of intelligence]

   Int:       It affects your intelligence (+6).
   rF:        It greatly protects you from fire.
 S - the amulet "Ipsopt" (around neck) {Reflect rElec Regen+ Str+6 SH+5}
   (You found it in the Dungeon)

   [amulet of reflection]

   It reflects blocked missile attacks.
   Str:       It affects your strength (+6).
   rElec:     It insulates you from electricity.
   Regen:     It increases your rate of health regeneration.
   SH:        It affects your SH (+5).
Wands
 j - a wand of iceblast (2)
Scrolls
 e - 8 scrolls of identify
 g - 3 scrolls of blinking
 i - 2 scrolls of amnesia
 o - 4 scrolls of enchant armour
 p - 4 scrolls of fear
 r - a scroll of brand weapon
 C - 4 scrolls of fog
 J - 4 scrolls of enchant weapon
Potions
 b - a potion of magic
 c - 7 potions of heal wounds
 f - 7 potions of berserk rage
 h - 6 potions of curing
 n - 3 potions of attraction
 B - 4 potions of might
 I - 6 potions of haste
Miscellaneous
 t - a phantom mirror


   Skills:
 O Level 27 Fighting
 + Level 25.2 Long Blades
 + Level 4.2 Throwing
 O Level 27 Armour
 O Level 27 Dodging
 - Level 9.6 Stealth
 O Level 27 Shields
 O Level 27 Spellcasting
 O Level 27 Conjurations
 + Level 1.8 Transmutations
 O Level 27 Fire Magic
 + Level 0.2 Air Magic
 O Level 27 Earth Magic
 + Level 16.8 Evocations


You had 16 spell levels left.
You knew the following spells:

 Your Spells              Type           Power      Damage    Failure   Level
a - Sandblast             Erth           100%       2d20      0%          1
b - Passwall              Tmut/Erth      85%        N/A       0%          2
c - Stone Arrow           Conj/Erth      100%       3d13      0%          3
d - Petrify               Tmut/Erth      100%       N/A       0%          4
e - Mephitic Cloud        Conj/Pois/Air  86%        N/A       0%          3
f - Lee's Rapid Deconstr  Erth           64%        3d30*     0%          5
g - Iron Shot             Conj/Erth      64%        9d12      0%          6
h - Ignition              Fire           64%        3d17      0%          8
i - Lehudib's Crystal Sp  Conj/Erth      64%        10d15     0%          8
j - Shatter               Erth           64%        3d48*     1%          9
k - Fire Storm            Conj/Fire      64%        8d16      1%          9

Your spell library contained the following spells:

 Spells                   Type           Power      Damage    Failure   Level
 Gell's Gravitas          Tloc           49%        N/A       1%          3
 Lesser Beckoning         Tloc           49%        N/A       1%          3
 Teleport Other           Tloc           49%        N/A       1%          3
 Silence                  Hex/Air        25%        N/A       4%          5
 Discord                  Hex            24%        N/A       100%        8
 Statue Form              Tmut/Erth      Unusable   N/A       N/A         6

Dungeon Overview and Level Annotations

Branches:
Dungeon (1/1)

Altars:
Cheibriados
Dithmenos
Elyvilon
Fedhas
Gozag
Hepliaklqana
Kikubaaqudgha
Makhleb
Nemelex Xobeh
Okawaru
Qazlal
Ru
Sif Muna
Trog
Uskayaw
Vehumet
Wu Jian
Xom
Yredelemnul
Zin
The Shining One
Jiyva
Lugonu

Shops:
D **[[

Annotations:
D Asmodeus, Cerebov, Lom Lobon


Innate Abilities, Weirdness & Mutations

You are immune to sickness and miasma.
Your stone body is resilient. (AC +16)
You are immune to poison.
Your large and strong wings let you fly.
You resist negative energy. (rN+)
You are resistant to electric shocks. (rElec)
You are resistant to unholy torment.
You are immune to petrification.
You have a pair of small antennae on your head.
You have large cloven feet.
Armour fits poorly on your strangely shaped body.
You are frail. (-10% HP)
Your magical capacity is low. (-10% MP)
You are vulnerable to cold. (rC-)
Your spells are a little easier to cast, but a little less powerful.


Message History

2 ball lightnings come into view.
You barely miss Lom Lobon.
Lom Lobon is almost dead.
You are engulfed in freezing vapours.
You resist.
Lom Lobon's magic is no longer disrupted.
Unknown command.
Casting: Fire Storm (mildly dangerous; 1% risk of failure)
Confirm with . or Enter, or press ? or * to list all spells.
Aiming: Fire Storm (mildly dangerous; 1% risk of failure)
Press: ? - help, Dir - move target, f/p - Lom Lobon
Aim: Lom Lobon (almost dead, surrounded by restless winds, ally target)
Okay, then.
Casting: Fire Storm (mildly dangerous; 1% risk of failure)
Confirm with . or Enter, or press ? or * to list all spells.
Okay, then.
Casting: Fire Storm (mildly dangerous; 1% risk of failure)
Confirm with . or Enter, or press ? or * to list all spells.
Okay, then.
Casting: Fire Storm (mildly dangerous; 1% risk of failure)
Confirm with . or Enter, or press ? or * to list all spells.
Okay, then.
Casting: Fire Storm (mildly dangerous; 1% risk of failure)
Confirm with . or Enter, or press ? or * to list all spells.
Aiming: Lehudib's Crystal Spear (safe; 0% risk of failure)
Press: ? - help, Shift-Dir - straight line, f/p - Lom Lobon
Aim: Lom Lobon (almost dead, surrounded by restless winds, ally target, 63% to hit)
The crystal spear misses Lom Lobon.
The crystal spear hits Asmodeus!!!!
Asmodeus is heavily wounded.
You are engulfed in freezing vapours.
You resist.
Lom Lobon shimmers and vanishes!
Your ball lightning explodes!
The blast of lightning engulfs you! You resist.
The blast of lightning engulfs your ball lightning.
Your ball lightning completely resists.
The blast of lightning engulfs Lom Lobon.
Lom Lobon completely resists.
Lom Lobon gestures at your ball lightning.
Lom Lobon conjures a mighty blast of ice!
The great icy blast engulfs you!!! You partially resist.
You die...

.▓.▓.▓.♣)♣.▓.▓.▓.▓
.▓.▓[▓.♣)♣.▓.▓.▓.▓
.▓.▓.▓.♣)♣.▓.▓)▓.▓
)▓.▓.▓.♣)♣.▓.▓.▓.▓
.▓.▓†▓[♣.♣.▓.▓.▓.▓
.▓.▓.▓[♣)♣.▓.▓.▓○▓
)▓.▓.▓.♣)♣.▓.▓.▓&▓
.▓.▓.▓.▓.▓.▓.▓.▓&▓
[▓.▓[▓.▓)▓.▓{▓.▓@▓
[▓.▓.▓.▓.▓.▓.▓.▓§▓
.▓.▓.▓.▓.▓.▓.▓.▓*▓
.▓.▓.▓.▓.▓.▓.▓.▓§▓
)▓.▓'▓.▓.▓.▓†▓÷▓§▓
.▓.▓.▓.▓[▓.▓{▓.▓☼▓
.▓.▓.▓.▓[▓.▓{▓.▓.▓
[▓.▓.▓.▓.▓.▓†▓.▓.▓
.▓.▓.▓.▓[▓.▓†▓.▓.▓


You could see Asmodeus (clouds), Lom Lobon (gusty, distracted, ally target) and
a friendly ball lightning.

Vanquished Creatures
  Antaeus (D)
  the Royal Jelly (D)
  5 ancient liches (D)
  3 orbs of fire (D)
  Mennas (D)
  Mara (D)
  6 pandemonium lords (D)
  2 royal mummies (D)
  Boris (D)
  Sojobo (D)
  A Killer Klown (D)
  Saint Roka (D)
  A curse toe (D)
  Geryon (D)
  6 golden dragons (D)
  7 electric golems (D)
  2 Brimstone Fiends (D)
  33 Orb Guardians (D)
  6 tentacled monstrosities (D)
  2 quicksilver dragons (D)
  3 liches (D)
  4 deep elf blademasters (D)
  A titan (D)
  A deep elf master archer (D)
  10 acid blobs (D)
  13 sphinxes (D)
  A death cob (D)
  An Executioner (D)
  7 shadow dragons (D)
  A tentacled starspawn (D)
  3 tengu reavers (D)
  Agnes (D)
  8 azure jellies (D)
  2 draconian monks (D)
  A daeva (D)
  A draconian knight (D)
  6 storm dragons (D)
  8 rockslimes (D)
  10 nagarajas (D)
  3 emperor scorpions (D)
  Ilsuiw (D)
  A vault warden (D)
  2 fire giants (D)
  A draconian scorcher (D)
  2 cacodemons (D)
  A balrug (D)
  2 frost giants (D)
  A draconian shifter (D)
  2 deep elf sorcerers (D)
  Aizul (D)
  6 ghost moths (D)
  A draconian annihilator (D)
  3 very ugly things (D)
  2 ironbound preservers (D)
  A demonspawn blood saint (D)
  5 quicksilver oozes (D)
  6 reapers (D)
  9 stone giants (D)
  Azrael (D)
  4 deep elf demonologists (D)
  A lorocyproca (D)
  2 black draconians (D)
  A green draconian (D)
  2 deep elf annihilators (D)
  An eleionoma (D)
  A demonspawn black sun (D)
  8 vampire knights (D)
  A white draconian (D)
  5 red draconians (D)
  A spark wasp (D)
  A purple draconian (D)
  A bunyip (D)
  2 yellow draconians (D)
  2 deep elf death magi (D)
  2 blizzard demons (D)
  A green death (D)
  An ettin (D)
  5 mummy priests (D)
  6 merfolk impalers (D)
  A deep elf high priest (D)
  4 fire dragons (D)
  2 merfolk javelineers (D)
  25 vault guards (D)
  2 great orbs of eyes (D)
  Harold (D)
  7 hydras (D)
  An ice dragon (D)
  An ironbound frostheart (D)
  An ogre mage (D)
  2 hell beasts (D)
  2 spriggan air magi (D)
  5 merfolk aquamancers (D)
  An anaconda (D)
  2 centaur warriors (D)
  3 naga warriors (D)
  2 two-headed ogres (D)
  2 deep troll shamans (D)
  2 boulder beetles (D)
  2 alligators (D)
  A vampire mage (D)
  A spriggan berserker (D)
  A naga sharpshooter (D)
  6 orc high priests (D)
  A deep troll earth mage (D)
  3 hell knights (D)
  3 sun demons (D)
  5 sixfirhies (D)
  2 pharaoh ants (D)
  A steelbarb worm (D)
  9 swamp dragons (D)
  A skeletal warrior (D)
  2 sea snakes (D)
  2 glowing orange brains (D)
  2 goliath frogs (D)
  2 starcursed masses (D)
  A steelbarb worm (shapeshifter) (D)
  3 ironbound convokers (D)
  A wizard (D)
  3 lindwurms (D)
  3 shadow demons (D)
  A harpy (D)
  14 orc knights (D)
  3 large abominations (D)
  A necromancer (D)
  3 wolf spiders (D)
  A manticore (D)
  A deep elf pyromancer (D)
  5 ugly things (D)
  A cyclops (D)
  A salamander (D)
  15 moths of wrath (D)
  A cyclops (shapeshifter) (D)
  9 vault sentinels (D)
  2 guardian serpents (D)
  A rust devil (D)
  A water nymph (D)
  A naga mage (D)
  4 black mambas (D)
  3 cane toads (D)
  A torpor snail (D)
  An orange demon (D)
  A gargoyle (D)
  2 hellions (D)
  3 smoke demons (D)
  An unseen horror (shapeshifter) (D)
  A rime drake (D)
  A demonic crawler (D)
  5 tormentors (D)
  2 ice devils (D)
  A komodo dragon (D)
  A wandering mushroom (D)
  4 hellwings (D)
  A troll (D)
  A wind drake (D)
  3 merfolk (D)
  3 tyrant leeches (D)
  21 guardian mummies (D)
  3 slime creatures (D)
  4 blink frogs (D)
  3 jumping spiders (D)
  A snapping turtle (D)
  2 yaks (D)
  10 spriggans (D)
  A basilisk (D)
  A neqoxec (D)
  5 fire elementals (D)
  2 golden eyes (D)
  2 redbacks (D)
  4 vampire mosquitoes (D)
  A chaos spawn (D)
  3 small abominations (D)
  2 wargs (D)
  3 water moccasins (D)
  10 hell hounds (D)
  A floating eye (D)
  10 orc warriors (D)
  4 bullfrogs (D)
  A gnoll sergeant (D)
  3 orc priests (D)
  A hound (D)
  An iguana (D)
  6 orc wizards (D)
  A white imp (D)
  2 worms (D)
  6 orcs (D)
  A bat (D)
  An endoplasm (D)
  A jackal (D)
  3 rats (D)
  A ball lightning (D)
  A starspawn tentacle (D)
606 creatures vanquished.

Vanquished Creatures (collateral kills)
  An ancient lich (D)
  An Orb Guardian (D)
  A titan (D)
  A sphinx (D)
  A hell beast (D)
  A hellwing (D)
  A spriggan (D)
7 creatures vanquished.

Vanquished Creatures (others)
  A ball lightning (D)
  39 fire vortices (D)
  A starspawn tentacle (D)
41 creatures vanquished.

Grand Total: 654 creatures vanquished

Notes
Turn   | Place    | Note
-------+----------+-------------------------------------------
     0 | D        | mhtbhm the Gargoyle Earth Elementalist began the quest for
                  | the Orb.
     0 | D        | Reached XP level 1. HP: 10/10 MP: 3/3
    69 | D        | Noticed an iguana
    69 | D        | Noticed a hound
    73 | D        | Reached XP level 2. HP: 15/15 MP: 0/5
    78 | D        | Reached skill level 5 in Earth Magic
    80 | D        | Reached XP level 3. HP: 15/19 MP: 1/8
    91 | D        | Reached XP level 4. HP: 13/24 MP: 6/10
    94 | D        | Learned a level 2 spell: Passwall
    98 | D        | Learned a level 3 spell: Stone Arrow
   103 | D        | Learned a level 4 spell: Petrify
   114 | D        | Found a snail-covered altar of Cheibriados.
   114 | D        | Found a shadowy altar of Dithmenos.
   114 | D        | Found a white marble altar of Elyvilon.
   114 | D        | Found a blossoming altar of Fedhas.
   114 | D        | Found an opulent altar of Gozag.
   115 | D        | Found a hazy altar of Hepliaklqana.
   116 | D        | Found a viscous altar of Jiyva.
   117 | D        | Found an ancient bone altar of Kikubaaqudgha.
   118 | D        | Found a corrupted altar of Lugonu.
   119 | D        | Found a burning altar of Makhleb.
   120 | D        | Found a sparkling altar of Nemelex Xobeh.
   121 | D        | Found an iron altar of Okawaru.
   122 | D        | Found a stormy altar of Qazlal.
   123 | D        | Found a sacrificial altar of Ru.
   124 | D        | Found a shimmering blue altar of Sif Muna.
   125 | D        | Found a bloodstained altar of Trog.
   126 | D        | Found a hide-covered altar of Uskayaw.
   127 | D        | Found a radiant altar of Vehumet.
   128 | D        | Found an ornate altar of the Wu Jian Council.
   129 | D        | Found a shimmering altar of Xom.
   130 | D        | Found a basalt altar of Yredelemnul.
   131 | D        | Found a glowing silver altar of Zin.
   132 | D        | Found a glowing golden altar of the Shining One.
   137 | D        | Became a worshipper of Vehumet
   169 | D        | Got the +2 scimitar "Ciahekh" {holy, rElec Int+4 Stlth+}
   221 | D        | Noticed a two-headed ogre
   221 | D        | Noticed a two-headed ogre
   221 | D        | Noticed a vampire mosquito
   221 | D        | Noticed an orc warrior
   221 | D        | Noticed a troll
   238 | D        | Killed a troll
   239 | D        | Reached skill level 10 in Earth Magic
   239 | D        | Reached skill level 1 in Evocations
   239 | D        | Reached XP level 5. HP: 20/28 MP: 8/14
   239 | D        | Reached XP level 6. HP: 23/33 MP: 9/16
   240 | D        | Killed an orc warrior
   241 | D        | Reached skill level 1 in Fighting
   241 | D        | Reached skill level 5 in Stealth
   243 | D        | Reached * piety under Vehumet
   243 | D        | Offered knowledge of Shock by Vehumet.
   253 | D        | Killed a vampire mosquito
   254 | D        | Reached XP level 7. HP: 38/38 MP: 2/19
   291 | D        | Killed a two-headed ogre
   292 | D        | Reached skill level 10 in Spellcasting
   292 | D        | Reached XP level 8. HP: 45/45 MP: 4/22
   612 | D        | Killed a two-headed ogre
   612 | D        | Reached ** piety under Vehumet
   612 | D        | Offered knowledge of Static Discharge by Vehumet.
   613 | D        | Reached XP level 9. HP: 51/51 MP: 15/24
   682 | D        | Noticed a five-headed hydra
   682 | D        | Noticed a manticore
   682 | D        | Noticed a purple ugly thing
   682 | D        | Noticed a gargoyle
   682 | D        | Noticed a centaur warrior
   688 | D        | Killed a centaur warrior
   689 | D        | Reached skill level 5 in Dodging
   689 | D        | Reached skill level 15 in Earth Magic
   693 | D        | Killed a purple ugly thing
   694 | D        | Killed a gargoyle
   696 | D        | Reached *** piety under Vehumet
   883 | D        | Killed a manticore
   883 | D        | Offered knowledge of Mephitic Cloud by Vehumet.
   884 | D        | Reached skill level 5 in Conjurations
   936 | D        | Learned a level 3 spell: Mephitic Cloud
   940 | D        | Killed a five-headed hydra
   940 | D        | Offered knowledge of Kindle Blastsparks by Vehumet.
   941 | D        | Reached XP level 10. HP: 46/58 MP: 14/27
  1118 | D        | Noticed a cane toad
  1118 | D        | Noticed a black mamba
  1122 | D        | Killed a black mamba
  1122 | D        | Reached **** piety under Vehumet
  1122 | D        | Offered knowledge of Lee's Rapid Deconstruction by Vehumet.
  1123 | D        | Reached skill level 5 in Fighting
  1129 | D        | Killed a cane toad
  1130 | D        | Reached ***** piety under Vehumet
  1139 | D        | Learned a level 5 spell: Lee's Rapid Deconstruction
  1229 | D        | Offered knowledge of Iron Shot by Vehumet.
  1237 | D        | Learned a level 6 spell: Iron Shot
  1272 | D        | Noticed a lindwurm
  1272 | D        | Noticed a seven-headed hydra
  1272 | D        | Noticed a cane toad
  1274 | D        | Killed a cane toad
  1275 | D        | Killed a seven-headed hydra
  1277 | D        | Reached skill level 15 in Spellcasting
  1277 | D        | Reached XP level 11. HP: 64/64 MP: 15/30
  1278 | D        | Offered knowledge of Hailstorm by Vehumet.
  1279 | D        | Killed a lindwurm
  1441 | D        | Offered knowledge of Yara's Violent Unravelling by Vehumet.
  1715 | D        | Offered knowledge of Ozocubu's Refrigeration by Vehumet.
  1723 | D        | Reached ****** piety under Vehumet
  1861 | D        | Noticed an orc knight
  1861 | D        | Noticed an orc knight
  1861 | D        | Noticed an orc knight
  1861 | D        | Noticed an orc knight
  1872 | D        | Reached skill level 1 in Transmutations
  1872 | D        | Killed an orc knight
  1999 | D        | Killed an orc knight
  2213 | D        | Offered knowledge of Irradiate by Vehumet.
  2214 | D        | Killed an orc knight
  2373 | D        | Killed an orc knight
  2647 | D        | Noticed an orc knight
  2650 | D        | Killed an orc knight
  2675 | D        | Noticed an orc knight
  2678 | D        | Killed an orc knight
  2841 | D        | Found Irisoegh's Antique Armour Boutique.
  2841 | D        | Noticed an orc knight
  2841 | D        | Noticed an orc knight
  2841 | D        | Noticed an orc high priest
  2841 | D        | Noticed an orc high priest
  2841 | D        | Noticed an orc high priest
  2843 | D        | Killed an orc high priest
  2843 | D        | Noticed an orc high priest
  2844 | D        | Reached XP level 12. HP: 68/68 MP: 23/33
  2844 | D        | Killed an orc high priest
  2845 | D        | Offered knowledge of Iskenderun's Battlesphere by Vehumet.
  2845 | D        | Killed an orc high priest
  2845 | D        | Noticed an orc high priest
  2847 | D        | Killed an orc high priest
  2851 | D        | Killed an orc high priest
  3131 | D        | Found Dappisit's Armour Shop.
  3135 | D        | Found Foseimm's General Store.
  3141 | D        | Found Zeusseli's General Store.
  3148 | D        | Noticed an orc high priest
  3149 | D        | Offered knowledge of Ignition by Vehumet.
  3151 | D        | Killed an orc high priest
  3260 | D        | Bought a phantom mirror for 520 gold pieces
  3260 | D        | Bought a potion of heal wounds for 65 gold pieces
  3270 | D        | Bought a +2 robe of the Archmagi for 527 gold pieces
  3277 | D        | Bought a pitted tower shield for 237 gold pieces
  3277 | D        | Identified the +8 tower shield of the Black Moon {Fly rPois
                  | rC+++ Str-4} (You bought it in a shop in the Dungeon)
  3281 | D        | Bought a potion of curing for 33 gold pieces
  3283 | D        | Bought a scroll of identify for 26 gold pieces
  3283 | D        | Bought a scroll of identify for 26 gold pieces
  3283 | D        | Bought a staff of conjuration for 325 gold pieces
  3299 | D        | Learned a level 8 spell: Ignition
  3409 | D        | Noticed Harold
  3412 | D        | Killed Harold
  3548 | D        | Reached skill level 1 in Fire Magic
  3552 | D        | Offered knowledge of Lehudib's Crystal Spear by Vehumet.
  3552 | D        | Offered knowledge of Fire Storm by Vehumet.
  3552 | D        | Offered knowledge of Shatter by Vehumet.
  3552 | D        | Noticed a boulder beetle
  3717 | D        | Noticed a green very ugly thing
  3717 | D        | Noticed a hell knight
  3717 | D        | Noticed an ice dragon
  3718 | D        | Noticed a stone giant
  3719 | D        | Noticed a stone giant
  3721 | D        | Killed a boulder beetle
  3721 | D        | Killed an ice dragon
  3722 | D        | Reached XP level 13. HP: 55/73 MP: 19/37
  3724 | D        | Killed a stone giant
  3726 | D        | Killed a green very ugly thing
  3726 | D        | Killed a stone giant
  3727 | D        | Reached skill level 5 in Fire Magic
  3986 | D        | Noticed Aizul
  3991 | D        | Killed Aizul
  4120 | D        | Noticed a merfolk impaler
  4126 | D        | Killed a merfolk impaler
  4253 | D        | Learned a level 8 spell: Lehudib's Crystal Spear
  4263 | D        | Learned a level 9 spell: Shatter
  4265 | D        | Noticed an eleionoma
  4265 | D        | Noticed a bunyip
  4266 | D        | Killed a bunyip
  4266 | D        | Killed an eleionoma
  4405 | D        | Noticed an emperor scorpion
  4407 | D        | Reached skill level 10 in Conjurations
  4407 | D        | Killed an emperor scorpion
  4408 | D        | Gained mutation: Your large and strong wings let you fly.
                  | [Gargoyle growth]
  4408 | D        | Reached XP level 14. HP: 75/78 MP: 33/40
  4512 | D        | Reached skill level 27 in Earth Magic
  4512 | D        | Noticed a nagaraja
  4513 | D        | Killed a nagaraja
  4514 | D        | Reached skill level 10 in Fire Magic
  4630 | D        | Noticed Azrael
  4634 | D        | Killed Azrael
  4843 | D        | Learned a level 9 spell: Fire Storm
  4904 | D        | Noticed a fire giant
  4904 | D        | Noticed a fire giant
  4904 | D        | Noticed a vampire knight
  4906 | D        | Killed a vampire knight
  4907 | D        | Killed a fire giant
  4907 | D        | Killed a fire giant
  4912 | D        | Noticed a stone giant
  4914 | D        | Noticed a stone giant
  4915 | D        | Killed a stone giant
  4915 | D        | Noticed a frost giant
  5010 | D        | Killed a stone giant
  5162 | D        | Noticed a frost giant
  5165 | D        | Killed a frost giant
  5166 | D        | Killed a frost giant
  5471 | D        | Noticed a vault warden
  5472 | D        | Noticed an ironbound preserver
  5473 | D        | Killed a vault warden
  5478 | D        | Killed an ironbound preserver
  5479 | D        | Reached XP level 15. HP: 84/84 MP: 27/44
  5848 | D        | Noticed Saint Roka
  5854 | D        | Killed Saint Roka
  6080 | D        | Noticed Mara
  6088 | D        | Killed Mara
  6118 | D        | Noticed Boris
  6128 | D        | Killed Boris
  6346 | D        | Noticed a nagaraja
  6346 | D        | Noticed a nagaraja
  6346 | D        | Noticed a nagaraja
  6346 | D        | Noticed a nagaraja
  6347 | D        | Killed a nagaraja
  6347 | D        | Killed a nagaraja
  6348 | D        | Reached skill level 27 in Spellcasting
  6348 | D        | Reached skill level 15 in Fire Magic
  6348 | D        | Killed a nagaraja
  6348 | D        | Killed a nagaraja
  6348 | D        | Noticed a nagaraja
  6349 | D        | Reached skill level 1 in Long Blades
  6350 | D        | Noticed a nagaraja
  6351 | D        | Noticed a nagaraja
  6352 | D        | Noticed a nagaraja
  6353 | D        | Killed a nagaraja
  6353 | D        | Killed a nagaraja
  6354 | D        | Reached skill level 10 in Dodging
  6354 | D        | Killed a nagaraja
  6354 | D        | Killed a nagaraja
  6355 | D        | Reached skill level 15 in Conjurations
  6355 | D        | Noticed a nagaraja
  6358 | D        | Killed a nagaraja
  6361 | D        | Got a serpentine rune of Zot
  6439 | D        | Noticed Ilsuiw
  6444 | D        | Killed Ilsuiw
  6445 | D        | Reached XP level 16. HP: 77/88 MP: 47/47
  6632 | D        | Got a barnacled rune of Zot
  6843 | D        | Got a decaying rune of Zot
  7522 | D        | Gained mutation: Armour fits poorly on your strangely
                  | shaped body. [potion of mutation]
  7522 | D        | Gained mutation: You occasionally lose the ability to read
                  | scrolls when taking damage. [potion of mutation]
  7522 | D        | Gained mutation: You have an increased reservoir of magic.
                  | (+10% MP) [potion of mutation]
  7523 | D        | Lost mutation: You have an increased reservoir of magic.
                  | (+10% MP) [potion of mutation]
  7523 | D        | Lost mutation: You occasionally lose the ability to read
                  | scrolls when taking damage. [potion of mutation]
  7523 | D        | Lost mutation: Armour fits poorly on your strangely shaped
                  | body. [potion of mutation]
  7523 | D        | Gained mutation: You have supernaturally acute eyesight.
                  | (SInv) [potion of mutation]
  7523 | D        | Gained mutation: You have a pair of small antennae on your
                  | head. [potion of mutation]
  7523 | D        | Gained mutation: You are frail. (-10% HP) [potion of
                  | mutation]
  7523 | D        | Gained mutation: You have large cloven feet. [potion of
                  | mutation]
  7716 | D        | Got a gossamer rune of Zot
  7817 | D        | Reached skill level 5 in Evocations
  7848 | D        | Reached skill level 5 in Long Blades
  7848 | D        | Reached skill level 15 in Dodging
  7964 | D        | Noticed a sphinx
  7970 | D        | Killed a sphinx
  7970 | D        | Noticed a sphinx
  7971 | D        | Reached XP level 17. HP: 60/88 MP: 42/48
  8026 | D        | Killed a sphinx
  8646 | D        | Noticed a titan
  8648 | D        | Killed a titan
  8648 | D        | Noticed a titan
  8651 | D        | Killed a titan
  8776 | D        | Got a silver rune of Zot
  8781 | D        | Got Sif Muna's Tome of Amorphous Hexing
  8890 | D        | Got the ring "Igythin" {Drain AC+3 Str+3 Int+8 Stlth+}
  8892 | D        | Got the amulet "Xelyc" {Faith rElec Str+3}
  8894 | D        | Got the ring "Zaim" {rElec rPois rCorr Dex+6}
  8896 | D        | Got the ring "Taanir" {rF++ Int+6}
  8898 | D        | Got the amulet "Ipsopt" {Reflect rElec Regen+ Str+6 SH+5}
  8901 | D        | Found the +7 great mace "Firestarter" {inner flame, rF++}
  8903 | D        | Identified a scroll of acquirement
  8904 | D        | Acquired the quicksilver dragon scales of Yredelemnul's
                  | Fury {Will+ Dex+2}
  8955 | D        | Got the +0 cloak of Noon {Int+5}
  9081 | D        | Noticed Sojobo
  9088 | D        | Killed Sojobo
  9089 | D        | Reached skill level 1 in Armour
  9090 | D        | Noticed Agnes
  9096 | D        | Killed Agnes
  9341 | D        | Noticed Mennas
  9390 | D        | Killed Mennas
  9391 | D        | Reached skill level 10 in Fighting
  9548 | D        | Reached skill level 1 in Shields
  9556 | D        | Noticed a golden dragon
  9559 | D        | Noticed a tentacled monstrosity
  9562 | D        | Killed a golden dragon
  9564 | D        | Killed a tentacled monstrosity
  9727 | D        | Noticed a golden dragon
  9727 | D        | Noticed a golden dragon
  9727 | D        | Noticed a golden dragon
  9731 | D        | Killed a golden dragon
  9734 | D        | Killed a golden dragon
  9735 | D        | Killed a golden dragon
  9736 | D        | Reached skill level 5 in Armour
 10350 | D        | Noticed a tentacled monstrosity
 10352 | D        | Reached XP level 18. HP: 97/97 MP: 49/49
 10352 | D        | Noticed a tentacled monstrosity
 10356 | D        | Killed a tentacled monstrosity
 10357 | D        | Killed a tentacled monstrosity
 10469 | D        | Noticed an electric golem
 10471 | D        | Noticed a tentacled monstrosity
 10472 | D        | Reached skill level 27 in Fire Magic
 10479 | D        | Killed a tentacled monstrosity
 10480 | D        | Noticed a tentacled monstrosity
 10482 | D        | Killed an electric golem
 10486 | D        | Killed a tentacled monstrosity
 10621 | D        | Noticed a quicksilver dragon
 10621 | D        | Noticed a Killer Klown
 10623 | D        | Killed a quicksilver dragon
 10625 | D        | Killed a Killer Klown
 10728 | D        | Reached skill level 5 in Shields
 10728 | D        | Reached skill level 27 in Conjurations
 10729 | D        | Reached skill level 10 in Armour
 10849 | D        | Noticed an Orb Guardian
 10849 | D        | Noticed an Orb Guardian
 10849 | D        | Noticed an Orb Guardian
 10849 | D        | Noticed an Orb Guardian
 10849 | D        | Noticed an Orb Guardian
 10849 | D        | Noticed an Orb Guardian
 10850 | D        | Killed an Orb Guardian
 10850 | D        | Killed an Orb Guardian
 10851 | D        | Killed an Orb Guardian
 10851 | D        | Killed an Orb Guardian
 10851 | D        | Killed an Orb Guardian
 10851 | D        | Noticed an Orb Guardian
 10852 | D        | Noticed an Orb Guardian
 10852 | D        | Killed an Orb Guardian
 10853 | D        | Killed an Orb Guardian
 10853 | D        | Noticed an Orb Guardian
 10854 | D        | Noticed an Orb Guardian
 10855 | D        | Killed an Orb Guardian
 10856 | D        | Killed an Orb Guardian
 10859 | D        | Killed an Orb Guardian
 10971 | D        | Noticed a tentacled monstrosity
 10971 | D        | Noticed an Orb Guardian
 10971 | D        | Noticed an Orb Guardian
 10972 | D        | Killed an Orb Guardian
 10972 | D        | Killed an Orb Guardian
 10973 | D        | Killed a tentacled monstrosity
 10973 | D        | Noticed an Orb Guardian
 10974 | D        | Noticed an Orb Guardian
 10975 | D        | Killed an Orb Guardian
 10976 | D        | Killed an Orb Guardian
 11146 | D        | Noticed an orb of fire
 11146 | D        | Noticed an ancient lich
 11148 | D        | Killed an ancient lich
 11149 | D        | Reached skill level 15 in Armour
 11149 | D        | Reached skill level 10 in Evocations
 11150 | D        | Gained mutation: You are clumsy. (Dex -2) [an orb of fire]
 11151 | D        | Killed an orb of fire
 11152 | D        | Reached XP level 19. HP: 104/104 MP: 23/50
 11152 | D        | Lost mutation: You are clumsy. (Dex -2) [potion of
                  | mutation]
 11152 | D        | Lost mutation: You have supernaturally acute eyesight.
                  | (SInv) [potion of mutation]
 11239 | D        | Noticed an electric golem
 11241 | D        | Killed an electric golem
 11273 | D        | Noticed an electric golem
 11273 | D        | Noticed an electric golem
 11273 | D        | Noticed an electric golem
 11273 | D        | Noticed a curse toe
 11275 | D        | Noticed an orb of fire
 11277 | D        | Killed a curse toe
 11277 | D        | Noticed an ancient lich
 11278 | D        | Killed an electric golem
 11280 | D        | Killed an orb of fire
 11281 | D        | Killed an electric golem
 11282 | D        | Killed an electric golem
 11282 | D        | Noticed an orb of fire
 11284 | D        | Noticed a golden dragon
 11285 | D        | Killed an ancient lich
 11286 | D        | Reached skill level 10 in Shields
 11287 | D        | Noticed an electric golem
 11298 | D        | Gained mutation: Your magical capacity is low. (-10% MP)
                  | [an orb of fire]
 11461 | D        | Killed a golden dragon
 11567 | D        | Gained mutation: Your spells are a little easier to cast,
                  | but a little less powerful. [an orb of fire]
 11568 | D        | Gained mutation: You are vulnerable to cold. (rC-) [an orb
                  | of fire]
 11569 | D        | Killed an orb of fire
 11571 | D        | Killed an electric golem
 11628 | D        | Noticed an electric golem
 11632 | D        | Killed an electric golem
 11666 | D        | Noticed a golden dragon
 11670 | D        | Killed a golden dragon
 11820 | D        | Reached skill level 27 in Dodging
 11823 | D        | Got the Orb of Zot
 11945 | D        | Noticed an ancient lich
 11947 | D        | Noticed an ancient lich
 11949 | D        | Killed an ancient lich
 11958 | D        | Killed an ancient lich
 11960 | D        | Upgraded the game from 0.30-a0-140-gd1020e658a to
                  | 0.30-a0-141-g30f27751c5
 12172 | D        | Reached XP level 20. HP: 115/115 MP: 30/45
 12366 | D        | Reached skill level 15 in Fighting
 12366 | D        | Reached skill level 15 in Shields
 12373 | D        | Reached skill level 10 in Long Blades
 12382 | D        | Got an elven rune of Zot
 12663 | D        | Reached skill level 27 in Armour
 12829 | D        | Noticed the Royal Jelly
 12838 | D        | Killed the Royal Jelly
 12839 | D        | Reached skill level 15 in Evocations
 12932 | D        | Noticed a Brimstone Fiend
 12933 | D        | Killed a Brimstone Fiend
 13095 | D        | Got a slimy rune of Zot
 13112 | D        | Noticed Oraucel the pandemonium lord
 13118 | D        | Killed Oraucel the pandemonium lord
 13119 | D        | Reached skill level 15 in Long Blades
 13151 | D        | Gained mutation: Armour fits poorly on your strangely
                  | shaped body. [a cacodemon]
 13305 | D        | Noticed Opte Yro the pandemonium lord
 13308 | D        | Killed Opte Yro the pandemonium lord
 13567 | D        | Noticed Qaelaufe the pandemonium lord
 13610 | D        | Killed Qaelaufe the pandemonium lord
 13789 | D        | Noticed Gullian the pandemonium lord
 13795 | D        | Killed Gullian the pandemonium lord
 13838 | D        | Noticed a Brimstone Fiend
 13850 | D        | Killed a Brimstone Fiend
 13947 | D        | Reached XP level 21. HP: 93/131 MP: 36/46
 14032 | D        | Reached skill level 27 in Shields
 14200 | D        | Noticed a royal mummy
 14201 | D        | Noticed a royal mummy
 14205 | D        | Killed a royal mummy
 14205 | D        | Killed a royal mummy
 14211 | D        | Reached skill level 1 in Throwing
 14216 | D        | Got a golden rune of Zot
 14298 | D        | Got an abyssal rune of Zot
 14534 | D        | Noticed Ymeg the pandemonium lord
 14547 | D        | Killed Ymeg the pandemonium lord
 14586 | D        | Noticed an ancient lich
 14587 | D        | Reached skill level 27 in Fighting
 14602 | D        | Killed an ancient lich
 14914 | D        | Noticed Peomata the pandemonium lord
 14914 | D        | Noticed an ancient lich
 14916 | D        | Killed Peomata the pandemonium lord
 14918 | D        | Killed an ancient lich
 14935 | D        | Noticed Geryon
 14952 | D        | Noticed Lom Lobon
 14955 | D        | Found the +7 sceptre of Asmodeus
 14955 | D        | Noticed Asmodeus
 14955 | D        | Found the +6 sword of Cerebov {flame}
 14955 | D        | Noticed Cerebov
 14959 | D        | Killed Geryon
 15087 | D        | Paralysed by a great orb of eyes for 3 turns
 15118 | D        | Noticed Antaeus
 15140 | D        | Killed Antaeus
 15145 | D        | Killed from afar by Lom Lobon

Illustrated notes

Levels and vault maps discovered:
D:        linesprint [early_d, line_temple, items_1, d_10, items_2, lair_1,
          lair_end, items_3, orc_1, orc_end, items_4, d_15, swamp_1, shoals_1,
          snake_1, spider_1, d_20, vaults_1, items_5, swamp_end, shoals_end,
          snake_end, spider_end, vaults_end, d_27, items_6, zot_1, zot_end,
          crypt_end, forest_end, elf_end, slime_end, tomb_end, abyss_end,
          pan_hell_end]

Skill      XL: |  1  2  3  4  5  6  7  8  9 10 11 12 13 14 15 16 17 18 19 20 21 |
---------------+----------------------------------------------------------------+-----
Earth Magic    | 4 6 7 10 12 13 14 16 18 21 24 26 27 | 27.0
Stealth        | 3 4 5 6 7 9 |  9.6
Dodging        | 2 3 4 5 6 7 12 15 18 23 27 | 27.0
Spellcasting   | 3 4 7 8 10 11 13 15 17 20 22 25 27 | 27.0
Evocations     | 1 2 3 4 6 7 10 13 15 16 | 16.8
Fighting       | 1 2 3 4 5 8 10 12 14 20 27 | 27.0
Conjurations   | 2 3 6 8 9 10 12 15 19 24 27 | 27.0
Transmutations | 1 |  1.8
Fire Magic     | 4 9 13 17 22 26 27 | 27.0
Long Blades    | 2 5 7 16 25 | 25.2
Armour         | 6 15 24 27 | 27.0
Shields        | 3 8 14 25 27 | 27.0
Throwing       | 4 |  4.2
Air Magic      | |  0.2

Action                   |  1- 3 |  4- 6 |  7- 9 | 10-12 | 13-15 | 16-18 | 19-21 || total
-------------------------+-------+-------+-------+-------+-------+-------+-------++-------
Melee: Scimitar          |       |     1 |       |       |    10 |     9 |   302 ||   322
       Punch             |       |       |       |       |       |       |     2 ||     2
Throw: Throwing net      |       |       |       |       |       |     1 |     1 ||     2
 Cast: Sandblast         |    17 |     7 |     3 |    11 |     1 |     2 |    12 ||    53
       Stone Arrow       |       |     2 |    22 |    18 |     1 |    14 |    27 ||    84
       Lee's Rapid Decon |       |       |       |    89 |    22 |    13 |    18 ||   142
       Petrify           |       |       |       |     5 |       |       |       ||     5
       Iron Shot         |       |       |       |       |    35 |    15 |    48 ||    98
       Shatter           |       |       |       |       |    32 |    42 |    20 ||    94
       Lehudib's Crystal |       |       |       |       |    14 |    36 |    60 ||   110
       Ignition          |       |       |       |       |     2 |    16 |    19 ||    37
       Fire Storm        |       |       |       |       |       |    19 |    39 ||    58
       Mephitic Cloud    |       |       |       |       |       |     1 |       ||     1
Evoke: Wand              |       |     3 |     2 |       |     1 |     7 |     2 ||    15
       Phantom mirror    |       |       |       |       |     1 |     3 |     6 ||    10
  Use: Potion            |     4 |     2 |     2 |       |     1 |     6 |    10 ||    25
       Scroll            |       |       |       |       |       |     9 |     2 ||    11
 Stab: Distracted        |       |       |       |       |       |       |     2 ||     2
Armor: Robe              |     4 |     2 |     9 |     5 |    20 |    34 |       ||    74
       Quicksilver drago |       |       |       |       |       |    27 |    58 ||    85
       Skin              |       |       |       |       |       |       |     5 ||     5
Dodge: Dodged            |     6 |     4 |    12 |    21 |    25 |    73 |    77 ||   218
Block: Other             |       |       |       |       |       |    14 |     9 ||    23
       Tower shield      |       |       |       |       |       |       |   297 ||   297
       Reflection        |       |       |       |       |       |       |     3 ||     3

Table legend: (Time is in decaauts) A = Elapsed time spent in this place. B = Non-inter-level travel time spent in this place. C = Inter-level travel time spent in this place. D = Time resting spent in this place. E = Time spent auto-exploring this place. F = Levels seen in this place. G = Mean time per level. A B C D E F G +--------+--------+--------+--------+--------+-----+--------+ Total | 15031 | 15000 | 31 | 7743 | 2764 | 1 | 15031.0 | Dungeon | 15031 | 15000 | 31 | 7743 | 2764 | 1 | 15031.0 | +--------+--------+--------+--------+--------+-----+--------+

Top non-repeatable levels by time:
       D: 15031 daAuts
